Map: Rhoskallian LE

Players

Massa - Winner!

  • Race: Terran Terran
  • League: Platinum
  • Spawn Location: 5:00

qqq - Winner!

  • Race: Zerg Zerg
  • League: Platinum
  • Spawn Location: 6:00

AkVAgRIM

  • Race: Zerg Zerg
  • League: Gold
  • Spawn Location: 12:00

Wizzard

  • Race: Zerg Zerg
  • League: Diamond
  • Spawn Location: 11:00

VOD

Have the link to the VOD?

Description

Time

  • Played on: Nov. 24, 2020, 2:38 p.m.
  • Length: 11:52
Show
View Real Time Build Order
Export as new Build Order

Massa Terran - Winner!

Build Orders: 2 Factory, Hellion Opening 

Get SALT Encoding   

  12  0:01  SCV  
  13  0:13  SCV  
  14  0:23  Supply Depot  
  14  0:25  SCV  
  15  0:32  Refinery  
  15  0:44  SCV  
  15  0:47  Barracks  
  16  0:56  SCV  
  17  1:08  SCV  
  18  1:20  SCV  
  19  1:33  SCV  
  19  1:39  Command Center  
  20  1:45  Barracks Reactor, SCV  
  21  1:55  Factory  
  21  2:08  SCV  
  22  2:11  Supply Depot  
  22  2:21  Marine  
  23  2:36  Supply Depot  
  23  2:39  Factory  
  23  2:40  Orbital Command  
  23  2:52  Hellion x2  
  23  2:55  Barracks Tech Lab  
  27  3:03  Orbital Command  
  27  3:13  Hellion  
  29  3:26  Barracks Tech Lab  
  29  3:29  Supply Depot  
  29  3:31  SCV x2  
  31  3:34  Hellion  
  31  3:37  Infernal Pre-Igniter  
  33  3:54  Hellion  
  33  3:55  Hellion  
  37  3:56  SCV x2  
  39  4:03  Hellion  
  39  4:08  SCV x2  
  43  4:14  Stimpack  
  43  4:15  Marine  
  43  4:16  Hellion  
  46  4:20  SCV  
  46  4:21  Widow Mine  
  49  4:24  Widow Mine  
  49  4:31  SCV, Engineering Bay  
  52  4:32  SCV  
  52  4:33  Refinery, Marine  
  54  4:43  SCV  
  55  4:51  Marine  
  54  5:06  Hellion x3  
  50  5:27  Hellion  
  50  5:28  Hellion x2  
  52  6:06  Widow Mine x3  
  48  6:27  Widow Mine  
  50  6:36  Barracks  
  50  6:41  Barracks  
  50  6:44  Command Center  
  46  7:03  Widow Mine x3  
  52  7:11  Terran Infantry Weapons Level 1  
  52  7:18  SCV x2  
  54  7:24  Widow Mine  
  56  7:30  SCV  
  56  7:31  SCV  
  56  7:34  Barracks  
  56  7:35  Barracks x2  
  52  7:37  Barracks  
  52  7:43  SCV x2  
  54  7:44  Siege Tank  
  54  7:46  Widow Mine x2  
  54  7:47  Barracks Reactor, Barracks Tech Lab  
  61  7:56  Marauder  
  61  7:58  Supply Depot x5  
  63  7:59  Supply Depot x2  
  63  8:00  Supply Depot x2  
  63  8:01  Armory  
  63  8:03  Engineering Bay, Supply Depot  
  63  8:16  Siege Tank  
  63  8:17  Marauder  
  60  8:24  Supply Depot  
  60  8:27  Marauder  
  57  8:31  Orbital Command  
  57  8:34  SCV x2  
  54  8:39  Marauder  
  54  8:40  Marine x3  
  59  8:46  SCV x2  
  59  8:48  Marauder  
  63  8:52  Marine  
  63  8:54  Refinery  
  64  8:56  Marine  
  64  8:59  Barracks Tech Lab  
  64  9:00  Marauder  
  64  9:02  Concussive Shells  
  67  9:09  Marauder, Combat Shield  
  69  9:12  Marine x4  
  69  9:14  Marine  
  72  9:21  Marauder  
  71  9:29  Marine  
  71  9:31  Marauder x2, Marine x3  
  69  9:32  Marine  
  71  9:41  Refinery  
  71  9:43  Marauder  
  67  9:47  Marine  
  67  9:49  Marine x3  
  67  9:50  Marine  
  67  9:52  Marauder  
  76  9:53  Marauder  
  76  10:04  Marauder  
  76  10:05  Marine  
  76  10:06  Command Center  
  79  10:07  Marine x4  
  79  10:14  SCV x2, Marauder x2  
  89  10:17  Command Center  
  89  10:23  Marine  
  89  10:26  SCV, Marauder  
  93  10:35  Marauder  
  95  10:36  Missile Turret  
  95  10:41  Missile Turret  
  95  10:43  Barracks Reactor, Barracks Tech Lab  
  95  10:45  Barracks Tech Lab  
  95  10:48  Marauder, Marine x2, Missile Turret  
  95  10:49  Marauder  
  101  10:56  Marauder, Siege Tank  
  105  10:59  Widow Mine  
  105  11:01  Widow Mine  
  109  11:06  Marine x2  
  109  11:10  Marauder x2  
  115  11:11  Starport  
  115  11:14  Refinery  
  115  11:19  Orbital Command  
  115  11:20  Refinery  
  115  11:21  SCV x2  
  117  11:31  Marine  
  117  11:32  Marine x3  
  130  11:33  SCV x2  
Show
View Real Time Build Order
Export as new Build Order

qqq Zerg - Winner!

Build Orders: Pool First 

Get SALT Encoding   

  12  0:01  Drone  
  13  0:08  Drone  
  14  0:20  Overlord  
  14  0:38  Drone  
  14  0:39  Drone  
  14  0:40  Drone  
  17  0:51  Drone  
  17  0:55  Spawning Pool  
  17  0:56  Extractor  
  17  1:09  Hatchery  
  16  1:23  Spawning Pool  
  16  1:24  Drone  
  16  1:29  Drone  
  17  1:33  Drone  
  18  1:41  Drone  
  19  1:49  Drone  
  20  2:03  Drone  
  20  2:07  Overlord  
  21  2:11  Metabolic Boost  
  21  2:20  Queen  
  21  2:21  Drone  
  24  2:25  Queen  
  24  2:28  Zergling x2  
  27  2:32  Drone  
  27  2:36  Zergling x2  
  29  2:41  Zergling x2  
  29  2:44  Drone  
  30  2:54  Zergling x2  
  30  2:58  Drone  
  32  3:04  Drone  
  33  3:07  Zergling x2  
  34  3:15  Zergling x2  
  34  3:16  Drone  
  36  3:30  Overlord  
  36  3:32  Overlord  
  36  3:48  Zergling x2  
  36  3:49  Zergling x4  
  36  3:50  Zergling x6  
  36  3:52  Hatchery  
  41  4:02  Zergling x2  
  42  4:03  Zergling x4  
  42  4:05  Zergling x2  
  42  4:07  Zergling x6  
  42  4:09  Zergling x2, Overlord  
  50  4:10  Zergling x2  
  50  4:14  Lair  
  50  4:19  Zergling x2  
  50  4:21  Zergling x2  
  52  4:29  Zergling x2  
  52  4:30  Zergling x2  
  51  4:42  Zergling x2  
  51  4:43  Zergling x6  
  51  4:44  Zergling x6  
  53  4:56  Zergling x4  
  53  4:57  Zergling x2  
  55  5:11  Zergling x6  
  55  5:12  Zergling x2  
  58  5:14  Queen  
  58  5:16  Drone, Zergling x4, Overlord  
  58  5:33  Zergling x4  
  58  5:34  Zergling x8  
  56  5:56  Zergling x4  
  52  5:57  Zergling x8  
  47  6:12  Zergling x6  
  47  6:13  Zergling x2  
  47  6:23  Zergling x4  
  47  6:24  Zergling x6  
  52  6:31  Drone x3, Zergling x2  
  52  6:32  Zergling x2  
  57  6:41  Hatchery  
  43  6:54  Zergling x6  
  43  6:55  Zergling x4  
  43  6:59  Spire  
  43  7:00  Drone x3  
  43  7:01  Zergling x2  
  50  7:10  Drone x2, Zergling x2  
  50  7:12  Zergling x2  
  54  7:18  Overlord  
  54  7:27  Extractor  
  54  7:29  Drone x2  
  56  7:30  Drone x5  
  60  7:42  Zergling x2  
  60  7:43  Zergling x6  
  55  7:59  Zergling x4  
  55  8:00  Zergling x10  
  55  8:01  Zergling x2  
  56  8:09  Zergling x2  
  50  8:13  Extractor  
  50  8:14  Extractor  
  50  8:15  Drone x2  
  48  8:21  Mutalisk  
  48  8:22  Mutalisk x4  
  57  8:27  Mutalisk  
  57  8:28  Mutalisk  
  61  8:45  Mutalisk  
  61  8:47  Drone x2  
  61  8:48  Drone x2, Zergling x4  
  62  8:49  Zergling x2  
  62  8:51  Spine Crawler  
  62  8:53  Spine Crawler  
  63  9:01  Mutalisk  
  65  9:11  Drone x3  
  65  9:12  Overlord x2  
  56  9:39  Mutalisk x3  
  56  9:41  Drone x5  
  67  10:04  Mutalisk x2  
  67  10:05  Drone x2  
  67  10:06  Drone  
  72  10:31  Mutalisk x2  
  72  10:32  Mutalisk x2  
  72  10:33  Drone  
  79  10:59  Hatchery  
  74  11:10  Mutalisk x4  
  74  11:24  Mutalisk  
  74  11:25  Mutalisk  
  80  11:43  Spine Crawler  
Show
View Real Time Build Order
Export as new Build Order

AkVAgRIM Zerg 

Build Orders: Hatch First 

Get SALT Encoding   

  12  0:00  Drone  
  13  0:09  Drone  
  14  0:19  Overlord  
  14  0:24  Extractor  
  14  0:25  Drone  
  15  0:37  Drone x2  
  17  0:57  Hatchery  
  16  0:59  Drone  
  16  1:02  Drone  
  18  1:13  Extractor  
  17  1:18  Spawning Pool  
  17  1:21  Drone  
  17  1:24  Drone  
  18  1:27  Drone  
  19  1:57  Drone, Overlord  
  20  2:09  Queen  
  20  2:10  Queen  
  20  2:12  Drone x3  
  27  2:17  Metabolic Boost  
  27  2:22  Drone x2  
  29  2:32  Drone x2  
  31  2:44  Hatchery  
  31  2:50  Drone x2  
  32  2:53  Drone  
  32  2:55  Overlord  
  33  3:09  Lair  
  33  3:13  Drone  
  33  3:14  Drone x2  
  33  3:15  Drone  
  33  3:18  Drone x2  
  33  3:19  Overlord  
  39  3:22  Drone  
  40  3:36  Zergling x8  
  40  3:39  Extractor, Zergling x2  
  44  3:59  Drone x3  
  44  4:00  Roach Warren  
  44  4:01  Drone  
  44  4:02  Drone  
  48  4:03  Extractor, Drone x2  
  48  4:04  Drone  
  48  4:06  Spore Crawler  
  48  4:07  Spore Crawler  
  48  4:10  Extractor, Spire  
  48  4:11  Drone x2  
  48  4:14  Drone  
  49  4:19  Drone x2  
  51  4:37  Zergling x16  
  51  4:38  Spore Crawler  
  51  4:46  Roach x3  
  57  4:59  Overlord x2  
  49  5:13  Zergling x4  
  49  5:20  Roach x6  
  61  5:28  Roach x3  
  61  5:33  Roach  
  56  5:36  Roach  
  56  5:39  Roach  
  46  5:43  Roach x3  
  46  5:46  Roach  
  47  5:57  Roach x2  
  42  6:04  Ravager  
  35  6:27  Roach x3  
  41  6:44  Roach x2  
  47  6:47  Roach  
  43  6:59  Ravager  
  45  7:01  Ravager  
  45  7:03  Ravager x2  
  47  7:16  Roach  
  47  7:20  Ravager x2  
  47  7:21  Ravager  
  52  7:37  Overlord  
  52  8:02  Drone x5  
  57  8:26  Zergling x2  
  58  8:32  Overlord x2  
  58  8:52  Ravager  
  59  9:02  Roach x5  
  69  9:05  Overseer  
  30  9:47  Drone x2  
  30  9:48  Drone  
  26  9:54  Drone x3  
  27  10:00  Queen  
  27  10:03  Drone  
  27  10:06  Drone  
  31  10:08  Drone  
  21  10:42  Queen x2  
  21  10:47  Spore Crawler  
  21  10:48  Spore Crawler  
  21  10:49  Spore Crawler  
  20  10:50  Spore Crawler  
  16  11:04  Drone x3  
  19  11:17  Spore Crawler  
  20  11:27  Drone  
  20  11:28  Drone  
  22  11:34  Drone  
Show
View Real Time Build Order
Export as new Build Order

Wizzard Zerg 

Build Orders: Hatch First 

Get SALT Encoding   

  12  0:02  Drone  
  13  0:13  Overlord  
  13  0:18  Drone  
  14  0:34  Drone x2  
  16  0:55  Drone  
  16  0:56  Hatchery  
  16  0:57  Drone  
  16  1:00  Drone  
  18  1:11  Extractor  
  18  1:17  Spawning Pool  
  16  1:20  Drone  
  16  1:23  Drone  
  18  1:29  Drone  
  19  1:39  Overlord  
  19  1:54  Drone  
  20  2:07  Queen x2  
  24  2:09  Zergling x4  
  24  2:14  Metabolic Boost  
  26  2:20  Drone x2  
  28  2:25  Drone  
  29  2:40  Overlord  
  29  2:41  Drone x2  
  31  2:52  Queen  
  31  2:54  Drone x3  
  36  3:02  Drone  
  37  3:15  Drone  
  37  3:16  Drone x2  
  40  3:22  Baneling Nest  
  39  3:27  Drone x2  
  39  3:28  Drone x2  
  43  3:39  Drone  
  43  3:40  Evolution Chamber  
  43  3:42  Extractor  
  43  3:48  Zergling x4  
  44  3:49  Overlord  
  44  4:08  Drone  
  44  4:09  Overlord x2  
  45  4:12  Drone x3, Spore Crawler  
  45  4:15  Lair  
  45  4:16  Zerg Melee Weapons Level 1  
  47  4:27  Zergling x8  
  47  4:31  Spine Crawler  
  50  4:32  Spine Crawler x2  
  46  4:45  Zergling x2  
  46  4:46  Zergling x10  
  47  4:54  Queen  
  47  4:56  Zergling x4  
  46  5:02  Zergling x4  
  46  5:03  Spine Crawler  
  43  5:07  Spine Crawler  
  26  5:23  Zergling x2  
  26  5:24  Zergling x6  
  25  5:31  Queen  
  25  5:34  Zergling x8  
  31  5:41  Zergling x2  
  31  5:56  Zergling x6  
  30  6:01  Zergling x8  
  31  6:27  Zergling x2  
  31  6:28  Zergling x8  
  36  6:39  Zergling x6  
  40  6:40  Zergling x2  
  40  6:47  Zergling x2  
  36  6:49  Queen, Zerg Melee Weapons Level 2  
  35  7:05  Zergling x4  
  35  7:06  Zergling x4  
  35  7:07  Baneling x2  
  39  7:26  Zergling x2  
  39  7:27  Zergling x8  
  44  7:35  Zergling x2  
  44  7:52  Zergling x2  
  44  7:53  Zergling x12  
  46  8:14  Zergling x2  
  46  8:15  Zergling x10  
  49  8:25  Zergling x2  
  49  8:26  Zergling x2  
  46  8:48  Zergling x8  
  48  9:07  Drone x2, Spore Crawler  
  48  9:08  Drone x2  
  45  9:20  Zergling x6  
  33  9:36  Zergling x2  
  32  9:59  Zergling x8  
  36  10:01  Zergling x4  
  36  10:02  Queen x2  
  42  10:10  Spore Crawler  
  42  10:12  Spore Crawler  
  39  10:29  Zergling x2  
  39  10:30  Zergling x12  
  46  10:37  Queen  
  48  10:53  Zergling x2  
  48  10:54  Zergling x14  
  54  11:14  Zergling x2  
  54  11:15  Zergling x10  
Tags
 
Add a new tag
Caveats
  • Supply blocks, unpowered buildings, or Contaminate may cause inaccurate times.
  • Supply counts are checked every 10 seconds.